 Dungeon Crawl Stone Soup version 0.27-a0-1273-gec92ba881d (webtiles) character file.

Game seed: 14230598031278186224

509 mordus the Poker (level 6, -2/53 HPs)
             Began as a Draconian Monk on June 11, 2021.
             Was a Believer of Yredelemnul.
             Slain by a scorpion zombie (5 damage)
             ... on level 5 of the Dungeon.
             The game lasted 00:13:48 (5951 turns).

mordus the Poker (Draconian Monk)                   Turns: 5951, Time: 00:13:49

Health: -2/53      AC:  6    Str: 15    XL:     6   Next: 98%
Magic:  7/7        EV: 13    Int: 10    God:    Yredelemnul [**....]
Gold:   211        SH:  4    Dex: 14    Spells: 5/5 levels left

rFire    . . .     SeeInvis .   a - +0 spear
rCold    . . .     Faith    .   c - +0 buckler
rNeg     . . .     Spirit   .   (armour unavailable)
rPois    .         Reflect  .   (helmet restricted)
rElec    .         Harm     .   (no cloak)
rCorr    .         Rampage  .   (no gloves)
Will     .....                  (no boots)
Stlth    ++........             (no amulet)
HPRegen  0.17/turn              (no ring)
MPRegen  0.10/turn              (no ring)

@: no status effects
A: AC +6, unfitting armour, cold-blooded
a: Renounce Religion, Animate Remains, Recall Undead Slaves, Injury Mirror


You were on level 5 of the Dungeon.
You worshipped Yredelemnul.
Yredelemnul was pleased with you.
You visited 2 branches of the dungeon, and saw 6 of its levels.

You collected 211 gold pieces.

Inventory:

Hand Weapons
 a - a +0 spear (weapon)
 d - a +0 halberd
Armour
 c - a +0 buckler (worn)
Jewellery
 i - a ring of wizardry
Scrolls
 e - a scroll of teleportation {unknown}
 f - a scroll of amnesia {unknown}
 j - 2 scrolls of identify {unknown}
 n - a scroll of noise {unknown}
 o - a scroll of enchant weapon {unknown}
Potions
 b - a potion of berserk rage {unknown}
 g - a potion of lignification {unknown}
 h - 2 potions of curing {unknown}
 k - 2 potions of mutation {unknown}
 l - a potion of haste {unknown}
 m - 2 potions of attraction {unknown}


   Skills:
 + Level 4.7 Fighting
 * Level 5.3 Polearms
 + Level 3.9 Dodging
 - Level 1.7 Stealth
 + Level 2.3 Shields
 * Level 2.5 Invocations


You had 5 spell levels left.
You didn't know any spells.
Your spell library contained the following spells:

 Spells                   Type           Power      Damage    Failure   Level
 Animate Skeleton         Necr           0%         N/A       43%         1
 Apportation              Tloc           0%         N/A       43%         1
 Corona                   Hex            0%         N/A       43%         1
 Summon Small Mammal      Summ           0%         N/A       43%         1
 Call Imp                 Summ           0%         N/A       56%         2
 Call Canine Familiar     Summ           0%         N/A       80%         3
 Summon Guardian Golem    Hex/Summ       0%         N/A       80%         3
 Summon Ice Beast         Ice/Summ       0%         N/A       99%         4
 Summon Lightning Spire   Summ/Air       0%         N/A       99%         4


Dungeon Overview and Level Annotations

Branches:
Dungeon (5/15)             Temple (1/1) D:4

Altars:
Ashenzari
Dithmenos
Elyvilon
Hepliaklqana
Nemelex Xobeh
Okawaru
Ru
Sif Muna
Trog
Xom
Yredelemnul

Annotations:
D:4 3 runed translucent doors, ClownBaby's ghost, amateur MfVM; Dvallin's ghost, amateur KoDe; Edmund


Innate Abilities, Weirdness & Mutations

Your plain brown scales are hard. (AC +6)
You cannot fit into any form of body armour.
You are cold-blooded and may be slowed by cold attacks.


Message History

The ogre misses you.
You completely miss the ogre.
You tail-slap the ogre, but do no damage.
The ogre is almost dead.
The ogre hits you with a +0 giant club!
* * * LOW HITPOINT WARNING * * *
You hit the ogre.
The ogre is almost dead.
You hit the ogre.
You kill the ogre!
Yredelemnul accepts your kill.
You barely miss the scorpion zombie.
The scorpion zombie is lightly damaged.
The scorpion zombie hits you.
* * * LOW HITPOINT WARNING * * *
You hit the scorpion zombie. You tail-slap the scorpion zombie.
The scorpion zombie is moderately damaged.
The scorpion zombie hits you but does no damage.
You hit the scorpion zombie.
The scorpion zombie is moderately damaged.
The scorpion zombie barely misses you.
You hit the scorpion zombie.
The scorpion zombie is heavily damaged.
You hit the scorpion zombie.
The scorpion zombie is heavily damaged.
The scorpion zombie hits you.
* * * LOW HITPOINT WARNING * * *
You completely miss the scorpion zombie.
You tail-slap the scorpion zombie.
The scorpion zombie is heavily damaged.
You block the scorpion zombie's attack.
You barely miss the scorpion zombie.
The scorpion zombie is heavily damaged.
The scorpion zombie hits you.
* * * LOW HITPOINT WARNING * * *
You completely miss the scorpion zombie.
The scorpion zombie is heavily damaged.
The scorpion zombie hits you.
You die...
Your body rises from the dead as a mindless zombie.

#+### #...########
#..........#
#..........+
#...<..@..######
+...##Z####....#
#####..........#
...............#
...............#
#...............#
#.....####+##......
..#### ...... ..
.....


You could see a scorpion zombie.

Vanquished Creatures
  2 ogres
  3 hounds (D:4)
  A hound skeleton (D:4)
  4 gnolls
  3 adders
  An ufetubus (D:4)
  2 adder skeletons (D:4)
  A worm (D:3)
  A dart slug (D:1)
  2 orcs
  9 endoplasms
  6 giant cockroaches
  12 goblins
  9 hobgoblins
  16 jackals
  4 quokkas
  5 ball pythons
  4 bats
  2 frilled lizards
  6 kobolds
  7 rats
100 creatures vanquished.

Vanquished Creatures (collateral kills)
  A hound (D:4)
  A centaur skeleton (D:4)
  An adder (D:4)
3 creatures vanquished.

Vanquished Creatures (others)
  A ball python skeleton (D:4)
  A ball python zombie (D:4)
  A hobgoblin zombie (D:4)
  4 hound zombies (D:4)
  5 jackal zombies (D:4)
  An ogre zombie (D:4)
13 creatures vanquished.

Grand Total: 116 creatures vanquished

Notes
Turn   | Place    | Note
-------+----------+-------------------------------------------
     0 | D:1      | mordus the Draconian Monk began the quest for the Orb.
     0 | D:1      | Reached XP level 1. HP: 19/19 MP: 1/1
    90 | D:1      | Reached XP level 2. HP: 23/26 MP: 2/2
   486 | D:1      | Reached XP level 3. HP: 33/33 MP: 3/3
  1166 | D:2      | Reached skill level 4 in Polearms
  1523 | D:2      | Reached XP level 4. HP: 35/40 MP: 4/4
  2141 | D:2      | Found a faded altar of an unknown god.
  2252 | D:2      | Reached skill level 1 in Shields
  3107 | D:3      | Found a sacrificial altar of Ru.
  3703 | D:4      | Reached XP level 5. HP: 46/46 MP: 5/5
  3842 | D:4      | Found a staircase to the Ecumenical Temple.
  3906 | Temple   | Entered the Ecumenical Temple
  3960 | Temple   | Became a worshipper of Yredelemnul the Dark
  3960 | Temple   | Reached * piety under Yredelemnul
  3960 | Temple   | Reached ** piety under Yredelemnul
  4281 | D:4      | Reached skill level 1 in Invocations
  4382 | D:4      | Reached XP level 6. HP: 53/53 MP: 6/6
  4466 | D:4      | Reached skill level 5 in Polearms
  5085 | D:4      | Found a runed translucent gate.
  5085 | D:4      | Found a runed translucent gate.
  5085 | D:4      | Found a runed translucent gate.
  5085 | D:4      | Noticed ClownBaby's ghost (amateur MfVM)
  5085 | D:4      | Noticed Dvallin's ghost (amateur KoDe)
  5460 | D:5      | Entered Level 5 of the Dungeon
  5467 | D:5      | Found a white marble altar of Elyvilon.
  5491 | D:5      | Noticed Edmund
  5950 | D:5      | HP: 2/53 [scorpion zombie (1)]
  5951 | D:5      | Slain by a scorpion zombie

Illustrated notes

Levels and vault maps discovered:
D:1:      minmay_arrival_semitransparent, layout_rooms
D:2:      layout_basic, shapermc_ecumenical_altar_notcrosses
D:3:      layout_loops_ring, nicolae_ru_the_path_less_chosen, serial_park_tiny_2
D:4:      minmay_bubble_buster, layout_basic, temple_statues,
          gammafunk_ghost_cemetery
D:5:      layout_gridville, elyvilon_altar_4,
          chequers_temple_overflow_statue_of_worship,
          chequers_serial_rivers_small_a, serial_bayou_pond_e, uniq_sigmund,
          uniq_edmund, uniq_duvessa
Temple:   dpeg_three_leaves_temple

Skill      XL: |  1  2  3  4  5  6 |
---------------+-------------------+-----
Dodging        | 3 |  3.9
Polearms       | 4 5 |  5.3
Fighting       | 4 |  4.7
Shields        | 1 2 |  2.3
Invocations    | 1 2 |  2.5
Stealth        | |  1.7

Action                   |  1- 3 |  4- 6 || total
-------------------------+-------+-------++-------
Melee: Spear             |   133 |   341 ||   474
       Tailslap          |    11 |    39 ||    50
Invok: Animate Remains   |       |    13 ||    13
 Stab: Sleeping          |     5 |     7 ||    12
       Distracted        |       |     2 ||     2
Armor: Skin              |    24 |    61 ||    85
Dodge: Dodged            |    67 |   190 ||   257
Block: Buckler           |     3 |    59 ||    62

Table legend: (Time is in decaauts)
 A = Elapsed time spent in this place.
 B = Non-inter-level travel time spent in this place.
 C = Inter-level travel time spent in this place.
 D = Time resting spent in this place.
 E = Time spent auto-exploring this place.
 F = Levels seen in this place.
 G = Mean time per level.
                   A        B        C        D        E       F      G
               +--------+--------+--------+--------+--------+-----+--------+
         Total |   5925 |   5798 |    127 |   1025 |   3588 |   6 |  987.5 |
       Dungeon |   5801 |   5674 |    127 |   1025 |   3492 |   5 | 1160.2 |
        Temple |    124 |    124 |      0 |      0 |     96 |   1 |  124.0 |
               +--------+--------+--------+--------+--------+-----+--------+

Top non-repeatable levels by time:
     D:4: 1788 daAuts
     D:1: 1378 daAuts
     D:2: 1273 daAuts
     D:3: 1259 daAuts
  Temple: 124 daAuts
     D:5: 100 daAuts
